 Dungeon Crawl Stone Soup version 0.31.0-11-ge490571c62 (webtiles) character file.

Game seed: 3395533398842015835

831 trckry the Agnostic (level 7, 0/57 HPs)
             Began as a Hill Orc Monk on Feb 1, 2024.
             Killed from afar by Maggie (29 damage)
             ... with a bolt of fire
             ... on level 6 of the Dungeon.
             The game lasted 00:09:47 (5154 turns).

trckry the Agnostic (Hill Orc Monk)                 Turns: 5154, Time: 00:09:47

Health: 0/57       AC:  8    Str: 16    XL:     7   Next: 98%
Magic:  13/13      EV: 11    Int: 10    God:
Gold:   426        SH:  0    Dex: 13    Spells: 6/6 levels left

rFire   . . .        a - +0 hand axe
rCold   . . .        d - orb {light}
rNeg    . . .        e - +0 ring mail
rPois   .            (no helmet)
rElec   .            x - +0 cloak
rCorr   .            (no gloves)
SInv    .            n - +1 pair of boots
Will    .....        (no amulet)
Stlth   +            (no ring)
HPRegen 0.29/turn    (no ring)
MPRegen 0.13/turn

%: no passive effects
@: glowing
A: no striking features
a: no special abilities


You were on level 6 of the Dungeon.
You visited 1 branch of the dungeon, and saw 6 of its levels.

You collected 426 gold pieces.

Inventory:

Hand Weapons
 a - a +0 hand axe (weapon)
 b - a +2 sling of flaming
Missiles
 j - 2 curare-tipped darts (quivered)
 y - 11 poisoned darts
 A - 3 throwing nets
Armour
 d - an orb of light (worn)
 e - a +0 ring mail (worn)
 n - a +1 pair of boots (worn)
 x - a +0 cloak (worn)
Jewellery
 v - an amulet of faith
 z - a ring of poison resistance
Wands
 r - a wand of flame (7)
Scrolls
 f - 4 scrolls of revelation {unknown}
 k - 7 scrolls of identify {unknown}
 o - 2 scrolls of noise {unknown}
 p - 2 scrolls of amnesia {unknown}
 s - a scroll of vulnerability {unknown}
 t - a scroll of fear {unknown}
 u - 2 scrolls of blinking {unknown}
 w - 3 scrolls of teleportation {unknown}
 B - 2 scrolls of immolation {unknown}
Potions
 c - a potion of ambrosia
 g - 3 potions of heal wounds {unknown}
 h - 2 potions of curing {unknown}
 i - a potion of cancellation {unknown}
 l - 3 potions of might {unknown}
 m - a potion of attraction {unknown}
 q - 2 potions of lignification {unknown}


   Skills:
 - Level 3.6 Fighting
 + Level 7.7 Axes
 - Level 2.4 Dodging
 * Level 9.1 Invocations


You had 6 spell levels left.
You didn't know any spells.
Your spell library contained the following spells:

 Spells                   Type           Power      Damage    Failure   Level
 Mercury Vapours          Alch/Air       0%         N/A       73%         2
 Call Canine Familiar     Summ           0%         N/A       91%         3
 Dazzling Flash           Conj/Hex       0%         N/A       91%         3
 Mephitic Cloud           Conj/Alch/Air  0%         N/A       91%         3
 Sigil of Binding         Hex            0%         N/A       91%         3
 Volatile Blastmotes      Fire/Tloc      0%         2d10      91%         3
 Dimensional Bullseye     Hex/Tloc       0%         N/A       100%        4
 Freezing Cloud           Conj/Ice/Air   0%         6-21      100%        5
 Starburst                Conj/Fire      0%         6d3       100%        6
 Maxwell's Capacitive Co  Air            0%         ∞         100%        8


Dungeon Overview and Level Annotations

Branches:
Dungeon (6/15) Zot: 26283
 Temple: D:4-7

Altars:
Ashenzari
Makhleb
Qazlal

Annotations:
D:1 2 runed translucent doors
D:6 Maggie


Message History

You hit Maggie but do no damage.
Maggie is moderately wounded.
Maggie hits you with a +1 heavy war axe!!
* * * LOW HITPOINT WARNING * * *
You barely miss Maggie.
Maggie is moderately wounded.
Throw: 3 darts (curare)
Press: ? - help, Q - select action, (/) - cycle Shift-Dir - straight line, f/p - Maggie
Aim: Maggie, wielding a +1 heavy war axe and wearing +0 steam dragon scales (moderately wounded, mesmerising, poisoned, slow, haloed, 75% to hit)
You throw a curare-tipped dart. The curare-tipped dart hits Maggie.
Maggie looks even sicker.
Maggie struggles to breathe.
Maggie seems to be slow for longer.
Maggie is heavily wounded.
Maggie hits you with a +1 heavy war axe!
* * * LOW HITPOINT WARNING * * *
You cannot move away from Maggie!
You are confused.
You feel invigorated.
You hit Maggie but do no damage.
Maggie is heavily wounded.
You break out of your daze.
Maggie casts a spell at you. The bolt of fire hits you.
* * * LOW HITPOINT WARNING * * *
You bump into the rock wall.
You hit Maggie.
Maggie is severely wounded.
Maggie barely misses you.
You slash Maggie!
Maggie is almost dead.
You're too confused to move!
Maggie hits you with a +1 heavy war axe!
You closely miss Maggie.
Maggie is almost dead.
You bump into the rock wall.
You feel less invigorated.
You feel less confused.
Maggie points at you and mumbles some strange words.
The bolt of fire hits you!!
Ouch! That really hurt!
You die...

.................#
#.#####.##.#######
##.#####.##.#
..........#.#
#..######.#.. #.###
#.# #.# ## #@# ..
#@# #. #.# #. #.#
#. #.# #.#.#.###.#
#.........#######.
....#####..........
. #.#########


You could see Maggie (very poisoned, slow).

Vanquished Creatures
  A black bear (D:6)
  An ice beast (D:5)
  A sky beast (D:6)
  A phantom (D:5)
  A scorpion (D:6)
  2 hounds
  An orc priest (D:5)
  A sleepcap (D:6)
  3 iguanas
  5 adders
  8 gnolls
  2 ufetubi (D:6)
  2 dart slugs
  2 ribbon worms
  5 orcs
  8 ball pythons
  7 bats
  7 endoplasms
  2 giant cockroaches
  5 goblins
  6 hobgoblins
  11 jackals
  2 kobolds
  3 quokkas
  7 frilled lizards
  5 rats
99 creatures vanquished.

Notes
Turn   | Place    | Note
-------+----------+-------------------------------------------
     0 | D:1      | trckry the Hill Orc Monk began the quest for the Orb.
     0 | D:1      | Reached XP level 1. HP: 19/19 MP: 1/1
    36 | D:1      | Reached skill level 1 in Invocations
    45 | D:1      | Reached XP level 2. HP: 11/26 MP: 1/3
    47 | D:1      | Found a large runed translucent door.
    47 | D:1      | Found a large runed translucent door.
   380 | D:1      | Reached skill level 2 in Invocations
   675 | D:1      | Found a faded altar of an unknown god.
   685 | D:1      | Reached XP level 3. HP: 31/31 MP: 3/5
  1265 | D:2      | Reached skill level 3 in Invocations
  2041 | D:2      | Reached XP level 4. HP: 39/39 MP: 6/6
  2304 | D:3      | Reached skill level 5 in Axes
  2333 | D:3      | Reached skill level 4 in Invocations
  2716 | D:3      | Found a burning altar of Makhleb.
  2879 | D:3      | Reached XP level 5. HP: 45/45 MP: 8/8
  2984 | D:4      | Reached skill level 5 in Invocations
  3513 | D:5      | Entered Level 5 of the Dungeon
  3532 | D:5      | Noticed a phantom
  3570 | D:5      | Killed a phantom
  3571 | D:5      | Reached skill level 6 in Invocations
  3571 | D:5      | Reached XP level 6. HP: 16/51 MP: 10/10
  3797 | D:5      | Noticed an ice beast
  4115 | D:5      | Killed an ice beast
  4116 | D:5      | Reached skill level 7 in Invocations
  4210 | D:5      | Reached XP level 7. HP: 57/57 MP: 12/12
  4422 | D:5      | Found a broken altar of Ashenzari.
  4422 | D:5      | Found a stormy altar of Qazlal.
  4489 | D:6      | HP: 4/57 [iguana (10)]
  4689 | D:6      | Reached skill level 8 in Invocations
  5119 | D:6      | Noticed Maggie
  5135 | D:6      | Reached skill level 9 in Invocations
  5146 | D:6      | HP: 2/57 [Maggie/+1 heavy war axe (11)]
  5154 | D:6      | Killed from afar by Maggie

Illustrated notes

Levels and vault maps discovered:
D:1:      erik_arrival_cave_to_civilisation [erik_arrival_cave_to_temple],
          layout_basic, shapermc_ecumenical_altar_notcrosses
D:2:      layout_loops_corners, chequers_arboretum, minivault_11
D:3:      layout_loops_ring, lightli_temple_of_fire, minmay_misc_feat_encased
D:4:      layout_rooms
D:5:      layout_rooms, amethyst_overflow_temple_binary, minivault_27
D:6:      layout_loops_ring, lemuel_tele_altar, temple_statues, uniq_maggie,
          uniq_sigmund

Skill      XL: |  1  2  3  4  5  6  7 |
---------------+----------------------+-----
Invocations    | 1 2 3 4 6 7 9 |  9.1
Axes           | 5 6 7 |  7.7
Fighting       | |  3.6
Dodging        | |  2.4

Action                     |  1- 3 |  4- 6 |  7- 9 || total
---------------------------+-------+-------+-------++-------
  Melee: Hand axe          |   101 |   178 |    87 ||   366
   Fire: Sling             |       |    52 |    34 ||    86
  Throw: Dart              |       |     2 |     4 ||     6
    Use: Potion            |       |       |     1 ||     1
 Armour: Robe              |    12 |       |       ||    12
         Ring mail         |    53 |   123 |    93 ||   269
  Dodge: Dodged            |    79 |   111 |    52 ||   242
